 Dungeon Crawl Stone Soup version 0.30-a0-4-ga7cffc901d (webtiles) character file.

Game seed: 11777359113707160162

73 Setbun the Sneak (level 4, -1/25 HPs)
             Began as a Kobold Enchanter on Aug 20, 2022.
             Slain by a goblin
             ... wielding a +0 dagger
             ... led by Robin
              (3 damage)
             ... on level 2 of the Dungeon.
             The game lasted 00:02:03 (1835 turns).

Setbun the Sneak (Kobold Enchanter)                 Turns: 1835, Time: 00:02:04

Health: -1/25      AC:  3    Str:  5    XL:     4   Next: 51%
Magic:  4/7        EV: 15    Int: 16    God:
Gold:   49         SH:  0    Dex: 17    Spells: 3/8 levels left

rFire   . . .      SeeInvis .    j - +2 dagger (elec)
rCold   . . .      Faith    .    (no shield)
rNeg    . . .      Spirit   .    b - +0 robe
rPois   .          Reflect  .    (no helmet)
rElec   .          Harm     .    f - +0 cloak
rCorr   .          Rampage  .    (no gloves)
Will    .....                    (no boots)
Stlth   ++++......               (no amulet)
HPRegen 0.08/turn                (no ring)
MPRegen 0.10/turn                (no ring)

@: confusing by touch
A: small, no large weapons, nightstalker 3
a: no special abilities


You were on level 2 of the Dungeon.
You visited 1 branch of the dungeon, and saw 3 of its levels.

You collected 49 gold pieces.

Inventory:

Hand Weapons
 a - a +1 dagger
 j - a +2 dagger of electrocution (weapon)
Armour
 b - a +0 robe (worn)
 f - a +0 cloak (worn)
Scrolls
 d - a scroll of fog {unknown}
 h - 3 scrolls of identify {unknown}
 k - a scroll of poison {unknown}
 n - a scroll of acquirement {unknown}
 p - a scroll of vulnerability {unknown}
Potions
 c - 2 potions of invisibility
 e - 2 potions of heal wounds {unknown}
 g - 3 potions of lignification {unknown}
 i - 2 potions of berserk rage {unknown}
 l - a potion of degeneration {unknown}
 m - a potion of ambrosia {unknown}
 o - a potion of haste {unknown}


   Skills:
 + Level 1.4 Fighting
 * Level 3.1 Short Blades
 + Level 2.8 Dodging
 + Level 4.5 Stealth
 + Level 2.5 Spellcasting
 + Level 3.3 Hexes


You had 3 spell levels left.
You knew the following spells:

 Your Spells              Type           Power      Damage    Failure   Level
a - Ensorcelled Hibernat  Hex/Ice        14%        N/A       16%         2
b - Confusing Touch       Hex            12%        N/A       14%         3

Your spell library contained the following spells:

 Spells                   Type           Power      Damage    Failure   Level
 Tukima's Dance           Hex            12%        N/A       14%         3
 Magic Dart               Conj           8%         1d3       21%         1
 Searing Ray              Conj           4%         2d4       30%         2
 Dazzling Flash           Conj/Hex       14%        N/A       30%         3
 Portal Projectile        Hex/Tloc       14%        N/A       30%         3
 Call Canine Familiar     Summ           2%         N/A       52%         3
 Fulminant Prism          Conj/Hex       3%         3d6       69%         4
 Leda's Liquefaction      Hex/Erth       3%         N/A       69%         4


Dungeon Overview and Level Annotations

Branches:
Dungeon (3/15)

Altars:
Uskayaw

Shops:
D:2 [

Annotations:
D:3 Robin


Innate Abilities, Weirdness & Mutations

You are small and have problems with some larger weapons.
You are completely attuned to the shadows.


Message History

You climb downwards.
Level annotation: Robin The goblin hits you with a +0 club.
The hobgoblin barely misses you. The goblin hits you with a +0 dagger.
There is a stone staircase leading up here.
Robin roars a battlecry!
The goblins go into a battle-frenzy!
The hobgoblin hits you. The hobgoblin closely misses you.
The goblin hits you with a +0 club. The goblin misses you.
The goblin hits you with a +0 club.
The goblin unwields a +0 sling.
The goblin wields a +0 dagger.
The goblin completely misses you.
You climb upwards.
There is a stone staircase leading down here.
You see here a +0 short sword.
Casting: Ensorcelled Hibernation (safe; 16% risk of failure)
Confirm with . or Enter, or press ? or * to list all spells.
Aiming: Ensorcelled Hibernation (safe; 16% risk of failure)
Press: ? - help, Shift-Dir - straight line, f - hobgoblin
Aim: a hobgoblin (strong, chance to affect: 58%)
Okay, then.
Casting: Ensorcelled Hibernation (safe; 16% risk of failure)
Confirm with . or Enter, or press ? or * to list all spells.
Okay, then.
Unknown command.
Casting: Ensorcelled Hibernation (safe; 16% risk of failure)
Confirm with . or Enter, or press ? or * to list all spells.
The spell is quite dangerous to miscast (14% risk of failure)!
Continue anyway?
Your hands begin to glow red.
The hobgoblin hits you but does no damage.
The goblin hits you but does no damage. The hobgoblin hits you.
The goblin hits you with a +0 club. The goblin hits you with a +0 dagger.
* * * LOW HITPOINT WARNING * * *
You barely miss the hobgoblin. The hobgoblin closely misses you.
The goblin hits you but does no damage. The goblin hits you with a +0 dagger.
* * * LOW HITPOINT WARNING * * *
The hobgoblin completely misses you.
Unknown command.
You hit the hobgoblin but do no damage. The goblin closely misses you.
The goblin hits you with a +0 dagger.
You die...

#...### #............###..#
###...#
#######..###....###.## #
#.#.####.....##.###........#
#
#........###...........#####
## # ##.##....#
#####....#.########) #
#..#.##.# #...........†....
#####...##.##
##.##.##.#######..
#......###..####gg##...>#
##.
#.###..####.##gg@g###..## ##
#.# ##..###.##.##g#.....#
#.# ##..##....##.#.###.# ..#
##......###.#.# #.#### ###
######.###.#.# #....# #
#.##....# ####.## ###
#.##...## #..# ..##
######....### ##.### ..<##
##.........# #...###


You could see 2 hobgoblins and 4 goblins.

Vanquished Creatures
  An adder (D:2)
  A worm (D:2)
  3 dart slugs
  5 bats
  7 endoplasms
  3 giant cockroaches
  5 goblins
  3 hobgoblins
  3 jackals (D:1)
  3 kobolds
  A quokka (D:2)
  5 ball pythons
  8 frilled lizards
  7 rats
55 creatures vanquished.

Vanquished Creatures (others)
  4 fungi (D:2)
  4 plants (D:2)
8 creatures vanquished.

Grand Total: 63 creatures vanquished

Notes
Turn   | Place    | Note
-------+----------+-------------------------------------------
     0 | D:1      | Setbun the Kobold Enchanter began the quest for the Orb.
     0 | D:1      | Reached XP level 1. HP: 10/10 MP: 3/3
   151 | D:1      | Reached XP level 2. HP: 15/15 MP: 5/5
   498 | D:1      | Reached XP level 3. HP: 20/20 MP: 6/6
   505 | D:1      | Learned a level 2 spell: Ensorcelled Hibernation
   509 | D:1      | Learned a level 3 spell: Confusing Touch
   919 | D:2      | Reached skill level 1 in Fighting
   956 | D:2      | Found Xym Joi's Antique Armour Boutique.
  1102 | D:2      | Reached XP level 4. HP: 25/25 MP: 7/7
  1140 | D:2      | Found a faded altar of an unknown god.
  1538 | D:2      | Identified the +1 leather armour of Hysteria {Fly Regen+}
  1635 | D:3      | Found a hide-covered altar of Uskayaw.
  1646 | D:3      | Noticed Robin
  1835 | D:2      | Slain by a goblin

Illustrated notes

Levels and vault maps discovered:
D:1:      dpeg_arrival_connections, layout_loops_ring
D:2:      layout_rooms, shapermc_ecumenical_altar_mp_ritualfount, serial_shops,
          nicolae_shop_hallway_stairs
D:3:      layout_basic, mainiacjoe_overflow_cross_hatched, uniq_robin,
          uniq_natasha

Skill      XL: |  1  2  3  4 |
---------------+-------------+-----
Short Blades   | 2 3 |  3.1
Fighting       | 1 |  1.4
Dodging        | |  2.8
Stealth        | |  4.5
Spellcasting   | |  2.5
Hexes          | |  3.3

Action                   |  1- 3 |  4- 6 || total
-------------------------+-------+-------++-------
Melee: Dagger            |    60 |    26 ||    86
 Cast: Confusing Touch   |       |     1 ||     1
       Ensorcelled Hiber |       |     1 ||     1
 Stab: Sleeping          |    32 |     3 ||    35
       Distracted        |     1 |     1 ||     2
Armor: Robe              |     6 |    11 ||    17
Dodge: Dodged            |    18 |    18 ||    36

Table legend: (Time is in decaauts)
 A = Elapsed time spent in this place.
 B = Non-inter-level travel time spent in this place.
 C = Inter-level travel time spent in this place.
 D = Time resting spent in this place.
 E = Time spent auto-exploring this place.
 F = Levels seen in this place.
 G = Mean time per level.
                   A        B        C        D        E       F      G
               +--------+--------+--------+--------+--------+-----+--------+
         Total |   1825 |   1739 |     86 |    163 |   1279 |   3 |  608.3 |
       Dungeon |   1825 |   1739 |     86 |    163 |   1279 |   3 |  608.3 |
               +--------+--------+--------+--------+--------+-----+--------+

Top non-repeatable levels by time:
     D:1: 900 daAuts
     D:2: 884 daAuts
     D:3: 40 daAuts
